 Dungeon Crawl Stone Soup version 0.28.0-43-g3370ac3207 (webtiles) character file.

Game seed: 8190296869615339588

37 dricus the Magician (level 3, 0/25 HPs)
             Began as a Gnoll Wanderer on Mar 7, 2022.
             Was a Follower of Nemelex Xobeh.
             Slain by Robin
             ... wielding a +5 short sword of speed
              (7 damage)
             ... on level 1 of the Dungeon.
             The game lasted 00:02:23 (1547 turns).

dricus the Magician (Gnoll Wanderer)                Turns: 1547, Time: 00:02:23

Health: 0/25       AC:  6    Str: 12    XL:     3   Next: 41%
Magic:  11/11      EV: 11    Int:  9    God:    Nemelex Xobeh [*.....]
Gold:   62         SH:  0    Dex: 14    Spells: 15/16 levels left

rFire   . . .      SeeInvis .   a - +0 whip (freeze)
rCold   . . .      Faith    .   (no shield)
rNeg    . . .      Spirit   .   c - +0 ring mail
rPois   .          Reflect  .   (no helmet)
rElec   .          Harm     .   (no cloak)
rCorr   .          Rampage  .   (no gloves)
Will    .....                   (no boots)
Stlth   +.........              (no amulet)
HPRegen 0.08/turn               (no ring)
MPRegen 0.12/turn               (no ring)

@: no status effects
A: fangs 1, strong nose, distributed training
a: Renounce Religion, Draw Escape, Draw Destruction, Draw Summoning


You were on level 1 of the Dungeon.
You worshipped Nemelex Xobeh.
Nemelex Xobeh was aware of your devotion.
You visited 1 branch of the dungeon, and saw 2 of its levels.

You collected 62 gold pieces.

Inventory:

Hand Weapons
 a - a +0 whip of freezing (weapon)
   (You took it off a kobold on level 1 of the Dungeon)
 b - a +0 dagger
Armour
 c - a +0 ring mail (worn)
 d - a +0 plate armour
   (You found it on level 1 of the Dungeon)
 e - a +0 chain mail
   (You found it on level 1 of the Dungeon)
Wands
 x - a wand of acid (3)
Potions
 f - a potion of heal wounds {unknown}


   Skills:
 + Level 0.8 Fighting
 + Level 0.8 Short Blades
 + Level 0.8 Long Blades
 + Level 0.8 Axes
 + Level 0.8 Maces & Flails
 + Level 0.8 Polearms
 + Level 0.8 Staves
 + Level 0.8 Slings
 + Level 0.8 Bows
 + Level 0.8 Crossbows
 + Level 0.8 Throwing
 + Level 4.5 Armour
 + Level 2.6 Dodging
 + Level 0.8 Stealth
 + Level 0.8 Shields
 + Level 0.8 Unarmed Combat
 + Level 7.1 Spellcasting
 + Level 0.5 Conjurations
 + Level 0.5 Hexes
 + Level 3.7 Summonings
 + Level 0.5 Necromancy
 + Level 0.5 Translocations
 + Level 0.5 Transmutations
 + Level 0.5 Fire Magic
 + Level 0.5 Ice Magic
 + Level 0.5 Air Magic
 + Level 0.5 Earth Magic
 + Level 0.5 Poison Magic
 + Level 1.0 Invocations
 + Level 4.5 Evocations


You had 15 spell levels left.
You knew the following spells:

 Your Spells              Type           Power      Damage    Failure   Level
a - Summon Small Mammal   Summ           40%        N/A       9%          1

Your spell library contained the following spells:

 Spells                   Type           Power      Damage    Failure   Level
 Apportation              Tloc           8%         N/A       32%         1
 Summon Guardian Golem    Hex/Summ       7%         N/A       45%         3
 Ignite Poison            Fire/Tmut/Pois 4%         N/A       69%         3
 Mephitic Cloud           Conj/Pois/Air  4%         N/A       69%         3
 Tukima's Dance           Hex            4%         N/A       69%         3
 Anguish                  Hex/Necr       2%         N/A       97%         4
 Alistair's Intoxication  Tmut/Pois      2%         N/A       100%        5
 Freezing Cloud           Conj/Ice/Air   2%         6-21      100%        5
 Enfeeble                 Hex            2%         N/A       100%        7


Dungeon Overview and Level Annotations

Branches:
Dungeon (2/15)

Altars:
Nemelex Xobeh

Annotations:
D:1 Robin


Innate Abilities, Weirdness & Mutations

You have very sharp teeth.
Your uncanny sense of smell can sniff out nearby items.
Your experience applies equally to all skills.


Message History

Things that are here:
a +0 dagger; a +0 dagger; a goblin corpse
Things that are here:
a +0 short sword; an orc corpse; a rat corpse
There is a stone staircase leading up here.
You climb upwards.
There is a stone staircase leading down here.
The goblin barely misses you.
The goblin no longer looks unusually strong.
There is a stone staircase leading down here.
The goblin misses you.
You hit the goblin but do no damage. The goblin hits you but does no damage.
You hit the goblin. You freeze the goblin.
You kill the goblin!
Your Invocations skill increases to level 1!
Unknown command.
Unknown command.
Things that are here:
a +0 club; a goblin corpse You start resting.
You start resting.
There is a stone staircase leading down here.
You climb downwards.
Level annotation: Robin Robin closely misses you.
There is a stone staircase leading up here.
Robin hits you with a +5 short sword of speed.
You climb upwards.
There is a stone staircase leading down here.
You hit Robin. You freeze Robin. Robin barely misses you.
Robin hits you with a +5 short sword of speed.
You barely miss Robin. You punch Robin. Your bite misses Robin.
Robin closely misses you.
Robin hits you with a +5 short sword of speed.
* * * LOW HITPOINT WARNING * * *
Here: Robin, wielding a +5 short sword of speed, wearing a +0 animal skin and wearing a +0 helmet (severely wounded)
The floor.
Unknown command.
Unknown command.
Unknown command.
You completely miss Robin. Robin closely misses you.
You completely miss Robin.
Robin hits you with a +5 short sword of speed.
* * * LOW HITPOINT WARNING * * *
Robin closely misses you.
Unknown command.
You hit Robin but do no damage.
Robin hits you with a +5 short sword of speed!
You die...
Your body glows slightly and disappears.

.# #.# #.##.#.# #.# '#####
#.###.##.#'## #.# .....#
#..#........# #.# .....#
##.#........# #.# .....#
#..........# #.# .....#
##.........# #####.# ######
#.........####.....#
###g.........##.#####
♣♣♣♣♣♣♣♣♣♣♣♣♣.#.@......#.##.#####
.....<..........######...........
♣♣♣♣♣♣♣♣♣♣♣♣♣...# #..###.[###. #
######### ###.# ##.......... #
#.......# #.# #.......... #
##.####.# #.# #.......... #
#....#.#####.#######.###...... #
####)#........)............... #
#.#######.#######..........


You could see Robin.

Vanquished Creatures
  An adder (D:2)
  An orc (D:2)
  A ball python (D:2)
  12 goblins
  2 hobgoblins
  A quokka (D:1)
  3 bats
  A kobold (D:1)
  2 rats
24 creatures vanquished.

Notes
Turn   | Place    | Note
-------+----------+-------------------------------------------
     0 | D:1      | dricus the Gnoll Wanderer began the quest for the Orb.
     0 | D:1      | dricus set off with the following items: a +0 dagger, a +0
                  | ring mail, a wand of acid (3); and the following spell
                  | memorised: Summon Small Mammal; and the following spells
                  | available to memorise: Summon Guardian Golem
     0 | D:1      | Reached XP level 1. HP: 13/13 MP: 8/8
   197 | D:1      | Found a faded altar of an unknown god.
   201 | D:1      | Prayed at the altar of an unknown god.
   201 | D:1      | Became a worshipper of Nemelex Xobeh the Trickster
   201 | D:1      | Reached * piety under Nemelex Xobeh
   385 | D:1      | Received a gift from Nemelex Xobeh
   397 | D:1      | Reached XP level 2. HP: 19/19 MP: 10/10
  1188 | D:2      | Reached XP level 3. HP: 24/25 MP: 11/11
  1203 | D:2      | Noticed Robin
  1237 | D:2      | HP: 1/25 [goblin/+0 club[Robin] (3)]
  1289 | D:1      | Reached skill level 1 in Invocations
  1547 | D:1      | Slain by Robin

Illustrated notes

Levels and vault maps discovered:
D:1:      eino_arrival_tree_alley, layout_basic, serial_curves, eino_curves_04,
          eino_curves_04, hellmonk_ecumenical_altar_lost_god, chequers_avenue
D:2:      layout_basic, basic_altar, amcnicky_mini_pool_small,
          minmay_pentomino_p2, uniq_robin

Skill      XL: |  1  2  3 |
---------------+----------+-----
Invocations    | 1 |  1.0
Fighting       | |  0.8
Short Blades   | |  0.8
Long Blades    | |  0.8
Axes           | |  0.8
Maces & Flails | |  0.8
Polearms       | |  0.8
Staves         | |  0.8
Slings         | |  0.8
Bows           | |  0.8
Crossbows      | |  0.8
Throwing       | |  0.8
Armour         | |  4.5
Dodging        | |  2.6
Stealth        | |  0.8
Shields        | |  0.8
Unarmed Combat | |  0.8
Spellcasting   | |  7.1
Conjurations   | |  0.5
Hexes          | |  0.5
Summonings     | |  3.7
Necromancy     | |  0.5
Translocations | |  0.5
Transmutations | |  0.5
Fire Magic     | |  0.5
Ice Magic      | |  0.5
Air Magic      | |  0.5
Earth Magic    | |  0.5
Poison Magic   | |  0.5
Evocations     | |  4.5

Action                   || total
-------------------------++-------
Melee: Whip              ||    77
       Dagger            ||     9
       Bite              ||    13
       Punch             ||     3
Armor: Ring mail         ||    49
Dodge: Dodged            ||    66
